 Dungeon Crawl Stone Soup version 0.23.2-40-g277498a001 (webtiles) character file.

Game seed: 4234004840792613897

231 Martska the Skirmisher (level 6, -1/56 HPs)
             Began as a Hill Orc Fighter on Oct 4, 2019.
             Succumbed to a scorpion's poison
             ... on level 5 of the Dungeon.
             The game lasted 00:09:28 (3451 turns).

Martska the Skirmisher (Hill Orc Fighter)           Turns: 3451, Time: 00:09:29

Health: -1/56      AC: 10    Str: 21    XL:     6   Next: 4%
Magic:  6/6        EV:  7    Int:  8    God:
Gold:   182        SH:  9    Dex: 10    Spells: 5/5 levels left

rFire    . . .     SeeInvis .   a - +0 war axe
rCold    . . .     Gourm    .   c - +0 shield
rNeg     . . .     Faith    .   b - +0 scale mail
rPois    .         Spirit   .   (no helmet)
rElec    .         Reflect  .   (no cloak)
rCorr    .         Harm     .   q - +2 pair of gloves
MR       .....                  (no boots)
Stlth    ..........             (no amulet)
HPRegen  0.18/turn              (no ring)
MPRegen  0.10/turn              (no ring)

@: lethally poisoned (-1 -> -16)
A: no striking features
a: no special abilities


You were on level 5 of the Dungeon.
You were very hungry.

You visited 1 branch of the dungeon, and saw 5 of its levels.

You collected 182 gold pieces.

Inventory:

Hand Weapons
 a - a +0 war axe (weapon)
Armour
 b - a +0 scale mail (worn)
 c - a +0 shield (worn)
 q - a +2 pair of gloves (worn)
Scrolls
 g - a scroll of fog {unknown}
 i - 2 scrolls of immolation {unknown}
 j - a scroll of teleportation {unknown}
 k - 4 scrolls of identify {unknown}
 l - 2 scrolls of enchant weapon {unknown}
 m - a scroll of noise {unknown}
 n - a scroll of remove curse {unknown}
 o - a scroll of random uselessness {unknown}
Potions
 d - 2 potions of might
 e - a potion of curing {unknown}
 h - 3 potions of haste {unknown}
 p - 2 potions of heal wounds {unknown}
Comestibles
 f - 5 rations


   Skills:
 * Level 5.3 Fighting
 * Level 5.0 Axes
 + Level 4.1 Armour
 + Level 4.2 Shields


You had 5 spell levels left.
You didn't know any spells.
Your spell library was empty.

Dungeon Overview and Level Annotations

Branches:
Dungeon (5/15)
 Temple: D:4-7

Altars:
Cheibriados
Fedhas
Sif Muna

Annotations:
D:2 exclusion: 3 oklob plants


Message History

You slide downwards.
The hatch slams shut behind you.
A sky beast and a zombie come into view.
* * * LOW HITPOINT WARNING * * *
You feel sick.
Found 11 gold pieces.
A leopard gecko comes into view.
* * * LOW HITPOINT WARNING * * *
You feel sick.
The leopard gecko hisses angrily.
The orc wizard hits you but does no damage.
The scorpion stings you but does no damage.
You slash the scorpion!
You kill the scorpion!
Your Axes skill increases to level 5!
You have reached level 6!
Your experience leads to an increase in your attributes!
Increase (S)trength, (I)ntelligence, or (D)exterity?
You feel stronger.
You closely miss the orc wizard. You hit the orc.
You die...

#### .$. #.#
###o# #.o@#
#...#†.#
#......lZ#
....Y......#
#.#........#
#.....⌠.....
##........#.#
#...........


You could see a sky beast, an orc wizard, an orc, a hound zombie and a leopard
gecko.

Vanquished Creatures
  A scorpion (D:5)
  A hound (D:2)
  A worker ant (D:4)
  3 adders
  4 oozes
  2 worms (D:2)
  A leopard gecko (D:2)
  An orc (D:3)
  2 giant cockroaches
  8 goblins
  11 hobgoblins
  7 jackals
  2 quokkas
  9 bats
  8 frilled lizards
  9 kobolds
  8 rats
  2 ballistomycetes (D:2)
  A ballistomycete spore (D:2)
81 creatures vanquished.

Notes
Turn   | Place    | Note
-------+----------+-------------------------------------------
     0 | D:1      | Martska the Hill Orc Fighter began the quest for the Orb.
     0 | D:1      | Reached XP level 1. HP: 19/19 MP: 1/1
    34 | D:1      | HP: 1/20 [hobgoblin (4)]
    41 | D:1      | Reached XP level 2. HP: 2/27 MP: 2/2
   825 | D:1      | Reached XP level 3. HP: 33/33 MP: 3/3
  1167 | D:2      | Found a faded altar of an unknown god.
  1179 | D:2      | Reached XP level 4. HP: 8/41 MP: 4/4
  1427 | D:2      | Became a worshipper of Fedhas Madash
  1427 | D:2      | Reached * piety under Fedhas
  1430 | D:2      | Fell from the grace of Fedhas
  1801 | D:2      | Found a snail-covered altar of Cheibriados.
  1900 | D:2      | Reached XP level 5. HP: 32/47 MP: 5/5
  2094 | D:2      | Noticed an oklob plant
  2094 | D:2      | Noticed an oklob plant
  2094 | D:2      | Noticed a wandering mushroom
  2094 | D:2      | Noticed an oklob plant
  3090 | D:3      | Found a deep blue altar of Sif Muna.
  3436 | D:4      | Noticed an ogre
  3442 | D:4      | Reached skill level 5 in Fighting
  3449 | D:5      | Entered Level 5 of the Dungeon
  3449 | D:5      | Noticed a sky beast
  3449 | D:5      | HP: 2/48 [poisoned by a scorpion]
  3451 | D:5      | Reached skill level 5 in Axes
  3451 | D:5      | Reached XP level 6. HP: 1/56 MP: 6/6
  3451 | D:5      | Succumbed to a scorpion's poison

Skill      XL: |  1  2  3  4  5 |
---------------+----------------+-----
Fighting       | 4 5 |  5.3
Axes           | 3 4 5 |  5.0
Shields        | 4 |  4.2
Armour         | 4 |  4.1

Action                   |  1- 3 |  4- 6 || total
-------------------------+-------+-------++-------
Melee: War axe           |    62 |   128 ||   190
Invok: Renounce Religion |       |     1 ||     1
  Eat: Ration            |       |     2 ||     2
Armor: Scale mail        |    65 |    83 ||   148
Dodge: Dodged            |    40 |    63 ||   103
Block: Shield            |    51 |   102 ||   153
